 Dungeon Crawl Stone Soup version 0.25-a0-651-g8c222c7a2b (webtiles) character file.

Game seed: 16453312740845900948, levelgen mode: deterministic

69474 mox the Gelid (level 15, -3/132 HPs)
             Began as a Naga Ice Elementalist on Mar 20, 2020.
             Was a High Priest of Ashenzari.
             Slain by an orc knight
             ... wielding a +1 battleaxe
              (25 damage)
             ... on level 2 of the Orcish Mines on Mar 22, 2020.
             The game lasted 01:52:19 (26287 turns).

mox the Gelid (Naga Ice Elementalist)              Turns: 26287, Time: 01:52:20

Health: -3/132     AC: 11    Str: 22    XL:     15   Next: 30%
Magic:  0/26       EV: 12    Int: 20    God:    Ashenzari [*****.]
Gold:   2254       SH:  5    Dex: 11    Spells: 9/29 levels left

rFire    + . .     SeeInvis +   Q - +3 hunting sling of the Seven Hells {flame, *Slow +Blink rElec rC++} (curse)
rCold    + + +     Gourm    .   z - +0 buckler (curse)
rNeg     . . .     Faith    .   m - +1 robe {rC+ rF+} (curse)
rPois    +         Spirit   +   M - +0 hat of Fun and Games {-Tele +Inv rCorr Str+9} (curse)
rElec    +         Reflect  .   T - +2 cloak {+Inv} (curse)
rCorr    +         Harm     .   (no gloves)
MR       ++...     Clarity  +   (no barding) Stlth +++++.....NoTele +
                                g - amulet of guardian spirit
HPRegen  0.32/turn              p - +1 ring of protection
MPRegen  0.20/turn              s - ring of protection from magic (curse)

@: very slightly contaminated, studying Long Blades, very slow
A: large, see invisible, deformed body, poison resistance, slowness 2, slow
metabolism 1, spit poison 1, constrict 1, AC +5
a: Spit Poison, Curse Item, Scrying, Transfer Knowledge, Renounce Religion,
Evoke Blink, Evoke Invisibility


You were on level 2 of the Orcish Mines.
You worshipped Ashenzari.
Ashenzari was extremely pleased with you.
You were very hungry.

You visited 4 branches of the dungeon, and saw 21 of its levels.
You also visited: Gauntlet.

You collected 2254 gold pieces.

Inventory:

Hand Weapons
 Q - the cursed +3 hunting sling of the Seven Hells (weapon) {flame, *Slow +Blink rElec rC++}
   (You found it on level 1 of the Lair of Beasts)

   It causes projectiles fired from it to burn those they strike, causing extra
   injury to most foes and up to half again as much damage against particularly
   susceptible opponents.
   It greatly protects you from cold.
   It insulates you from electricity.
   It lets you blink.
   It may slow you when you take damage.
   It has a curse placed upon it.
Missiles
 f - 5 silver javelins
 O - 17 sling bullets (quivered)
Armour
 m - a cursed +1 robe of resistance (worn)
 t - a scarf of resistance
 z - a cursed +0 buckler (worn)
 M - the cursed +0 hat of Fun and Games (worn) {-Tele +Inv rCorr Str+9}
   (You found it in a Gauntlet)

   It affects your strength (+9).
   It lets you turn invisible.
   It prevents most forms of teleportation.
   It provides partial protection from all sources of acid and corrosion.
   It has a curse placed upon it.
 T - a cursed +2 cloak of invisibility (worn)
 U - the cursed +1 robe of Zipragry {Str+4}
   (You took it off an orc on level 12 of the Dungeon)

   It affects your strength (+4).
   It has a curse placed upon it.
Jewellery
 g - an amulet of guardian spirit (around neck)
 p - a +1 ring of protection (left hand)
 s - a cursed ring of protection from magic (right hand)
 C - the ring of the Kraken {*Corrode Int+2 SInv Stlth+}
   (You found it in a Gauntlet)

   [ring of see invisible]

   It affects your intelligence (+2).
   It lets you see invisible.
   It may corrode you when you take damage.
   It makes you more stealthy.
 F - an uncursed ring of resist corrosion
Wands
 r - a wand of polymorph (44)
 x - a wand of digging (8)
 y - a wand of paralysis (20)
 B - a wand of acid (12)
 D - a wand of disintegration (36)
 K - a wand of iceblast (1)
 N - a wand of clouds (19)
 X - a wand of scattershot (3)
 Y - a wand of enslavement (9)
Scrolls
 a - 2 scrolls of amnesia
 i - 4 scrolls of magic mapping
 j - 6 scrolls of fear
 k - a scroll of silence
 o - 6 scrolls of fog
 u - 3 scrolls of remove curse
 w - 5 scrolls of blinking
 J - 4 scrolls of enchant weapon
 R - 2 scrolls of enchant armour
 Z - 3 scrolls of teleportation
Potions
 d - 2 potions of ambrosia
 e - 10 potions of curing
 h - 3 potions of mutation
 l - 5 potions of stabbing
 v - 5 potions of lignification
 A - 2 potions of cancellation
 E - 7 potions of flight
 H - a potion of might
 I - 2 potions of heal wounds
 S - a potion of berserk rage
Books
 L - a manual of Long Blades
Miscellaneous
 P - a phial of floods
 W - a tin of tremorstones
Comestibles
 b - 7 chunks of flesh
 c - 26 rations


   Skills:
 - Level 8.3 Fighting
   Level 0.2 Staves
 - Level 9.3(13.2) Slings
 - Level 4.1(6.6) Dodging
 - Level 9.1(11.7) Stealth
 - Level 4.2(6.7) Shields
 - Level 7.9 Spellcasting
 - Level 8.0 Conjurations
 - Level 3.3 Summonings
 - Level 16.1 Ice Magic
 - Level 5.5 Air Magic
 + Level 5.2 Evocations


You had 9 spell levels left.
You knew the following spells:

 Your Spells              Type           Power        Failure   Level  Hunger
a - Freeze                Ice            ####         0%          1    None
b - Frozen Ramparts       Ice            ######       1%          3    None
c - Summon Ice Beast      Ice/Summ       #####...     1%          4    ###....
d - Ozocubu's Armour      Chrm/Ice       #####...     1%          3    None
e - Freezing Cloud        Conj/Ice/Air   #####.....   22%         6    ######.
f - Mephitic Cloud        Conj/Pois/Air  ####....     4%          3    None

Your spell library contained the following spells:

 Spells                   Type           Power        Failure   Level  Hunger
 Magic Dart               Conj           ####         1%          1    None
 Ensorcelled Hibernation  Hex/Ice        #####.       1%          2    None
 Hailstorm                Conj/Ice       ######..     1%          4    ###....
 Call Imp                 Summ           ###.....     3%          2    None
 Poisonous Vapours        Pois/Air       ###...       4%          2    None
 Conjure Flame            Conj/Fire      ###.....     4%          3    None
 Dazzling Flash           Conj/Hex       ###...       4%          3    None
 Stone Arrow              Conj/Erth      ###...       4%          3    None
 Animate Skeleton         Necr           N/A          9%          1    None
 Corona                   Hex            #......      9%          1    None
 Pain                     Necr           #...         9%          1    None
 Sandblast                Erth           #.....       9%          1    None
 Blink                    Tloc           N/A          13%         2    None
 Passwall                 Tmut/Erth      #.......     13%         2    None
 Slow                     Hex            #.......     13%         2    None
 Confusing Touch          Hex            #.......     26%         3    None
 Tukima's Dance           Hex            #.......     26%         3    None
 Vampiric Draining        Necr           #.........   26%         3    None
 Animate Dead             Necr           N/A          65%         4    ###....
 Petrify                  Tmut/Erth      #.......     65%         4    ###....
 Agony                    Necr           #.......     94%         5    #####..
 Lee's Rapid Deconstruct  Erth           #.........   94%         5    #####..
 Ring of Flames           Chrm/Fire      #.........   100%        7    #######


Dungeon Overview and Level Annotations

Branches:
Dungeon (12/15)            Temple (1/1) D:7            Lair (6/6) D:8
  Swamp (0/4) Lair:4       Spider (0/4) Lair:3        Slime (0/5) Lair:5
    Orc (2/2) D:12            Elf (0/3) Orc:2       Gauntlet (visited)

Altars:
Ashenzari
Cheibriados
Elyvilon
Fedhas
Gozag
Hepliaklqana
Makhleb
Nemelex Xobeh
Qazlal
Sif Muna
Uskayaw
Vehumet
Wu Jian
Xom
Zin
Beogh

Annotations:
D:7 1 runed translucent door, karf's ghost, novice TrFi
Lair:1 exclusion: 2 oklob plants
Lair:6 exclusion: oklob plant


Innate Abilities, Weirdness & Mutations

You cannot wear boots.
Your serpentine skin is tough. (AC +5)
You have supernaturally acute eyesight. (SInv)
Armour fits poorly on your strangely shaped body.
Your system is resistant to poisons. (rPois)
You cover ground very slowly.
You have a slow metabolism.
You can spit poison.
You can use your snake-like lower body to constrict enemies.


Message History

The orc high priest is healed somewhat.
The orc warrior throws a boomerang.
The boomerang barely misses you.
The weapon returns to the orc warrior!
The orc knight is engulfed in freezing vapours.
You block the orc knight's attack.
The orc high priest is engulfed in freezing vapours.
The orc high priest closely misses you.
The orc warrior throws a boomerang.
The boomerang hits you!
* * * LOW HITPOINT WARNING * * *
The weapon returns to the orc warrior!
Casting: Freezing Cloud (quite dangerous; 22% risk of failure)
Confirm with . or Enter, or press ? or * to list all spells.
Aiming: Freeze (safe; 0% risk of failure)
Press: ? - help, Shift-Dir - straight line, f - orc knight, p - orc high priest
Aim: an orc knight, wielding a +1 battleaxe and wearing a +0 chain mail (freezing vapour, moderately wounded)
You freeze the orc knight.
The orc knight is heavily wounded.
You constrict the orc high priest.
The orc knight is engulfed in freezing vapours.
The orc knight hits you with a +1 battleaxe!!
You die...

*,,,***,,**** *,,,,,*,,
*,,,.##*** **,,,,***
**,,...####### ***,,,,**
**,.........# **,,,,***
**.........# *,,,,** *
**#....§§§# **,*** * *#...§§§###
*** * **** **#.oo.#.# *,,***
##.o@.(.### *** **,*,*
#...#..[#<# *.###
*,,*,**##.#...)))# ###.#.#
****,,,,,* ###..[[)[# #.#....
***,,,,,,,,**#.#......#####......
*,,,,,,,,,,*,#........)..##......
*,,,,,,,,,,..#...................
*,,,,,,,,,,........#....)........
,,,,,,,*,,,......#.###...>.)<..##


You could see an orc knight, an orc high priest and an orc warrior.

Vanquished Creatures
  Rupert (D:12)
  An orc warlord (Orc:2)
  A dire elephant (Orc:2)
  A minotaur (Gauntlet)
  A fire dragon (Lair:6)
  Josephine (D:12)
  Harold (Orc:1)
  3 hydras
  2 two-headed ogres
  9 death yaks
  Sonja (D:10)
  A swamp dragon (Lair:6)
  2 lindwurms (Lair:6)
  An orc knight (Orc:2)
  A manticore (D:12)
  3 orc sorcerers (Orc:2)
  A cyclops (D:12)
  3 black mambas
  2 gargoyles (D:12)
  4 torpor snails (Lair:6)
  7 spiny frogs
  2 centaur skeletons
  An efreet (Gauntlet)
  4 komodo dragons
  A rime drake (Lair:6)
  A jumping spider (Lair:3)
  4 trolls
  2 tyrant leeches (Lair:6)
  4 hornets (Lair:6)
  3 hippogriffs
  12 blink frogs
  4 dream sheep (Lair:5)
  A centaur simulacrum (Gauntlet)
  A spriggan (D:7)
  8 redbacks (Lair:3)
  A wyvern (Lair:4)
  5 wraiths (D:12)
  2 fire elementals (Gauntlet)
  11 yaks
  A steam dragon (D:12)
  2 basilisks
  Grum (D:9)
  7 wargs
  2 hell hounds (Gauntlet)
  11 water moccasins
  Duvessa (D:4)
  3 porcupines
  5 ice beasts
  24 orc warriors
  3 black bears
  An ice dragon simulacrum (Gauntlet)
  3 sky beasts
  21 wolves
  7 centaurs
  5 crocodiles
  10 ogres
  Blork the orc (D:4)
  13 bullfrogs
  3 scorpions
  Dowan (D:4)
  A hornet simulacrum (Gauntlet)
  3 killer bees (D:7)
  19 wights
  A howler monkey (D:12)
  2 centaur zombies
  5 crimson imps
  A bullfrog zombie (D:9)
  A hound (D:8)
  2 quasits
  A wyvern simulacrum (Gauntlet)
  Crazy Yiuf (D:7)
  9 jellies
  27 orc priests
  3 iron imps (D:9)
  22 orc wizards
  Jessica (D:3)
  3 iguanas
  9 worker ants
  A hound zombie (D:5)
  A hound skeleton (D:4)
  A howler monkey zombie (D:6)
  2 howler monkey skeletons
  8 gnolls
  10 adders
  2 shadow imps
  2 oozes
  2 adder zombies
  3 adder skeletons
  5 worms
  4 dart slugs
  4 leopard geckos
  75 orcs
  5 giant cockroaches
  8 goblins
  3 hobgoblins
  7 jackals
  5 kobolds
  2 quokkas
  2 ball pythons
  7 bats
  8 frilled lizards
  A quokka zombie (D:7)
  13 rats
531 creatures vanquished.

Vanquished Creatures (collateral kills)
  An ettin (Orc:2)
  A fire dragon (Lair:6)
  4 hydras
  A two-headed ogre (D:8)
  3 death yaks
  A torpor snail (Lair:6)
  5 komodo dragons
  3 rime drakes (Lair:6)
  4 spiny frogs
  A troll (D:7)
  4 hornets (Lair:6)
  6 blink frogs
  A bog body (Lair:4)
  8 hippogriffs
  A tyrant leech (Lair:6)
  3 dream sheep (Lair:5)
  A wyvern (D:9)
  8 yaks
  2 steam dragons (Lair:6)
  3 basilisks
  Menkaure (D:4)
  An acid dragon (Lair:6)
  2 water moccasins
  A porcupine (Lair:2)
  5 orc warriors
  13 wolves
  An ogre (Orc:1)
  3 crocodiles (Lair:6)
  2 bullfrogs
  8 jellies (Lair:5)
  A centaur zombie (D:9)
  A hound (D:8)
  2 orc wizards
  2 iguanas (Lair:6)
  2 orcs (Orc:1)
  A plant (Lair:6)
107 creatures vanquished.

Vanquished Creatures (others)
  14 fungi
  21 plants
  3 toadstools (D:3)
  2 withered plants (D:7)
40 creatures vanquished.

Grand Total: 678 creatures vanquished

Notes
Turn   | Place    | Note
-------+----------+-------------------------------------------
     0 | D:1      | mox the Naga Ice Elementalist began the quest for the Orb.
     0 | D:1      | Reached XP level 1. HP: 15/15 MP: 3/3
   171 | D:1      | Reached XP level 2. HP: 19/22 MP: 3/5
   845 | D:1      | Reached XP level 3. HP: 27/28 MP: 1/6
   850 | D:1      | Learned a level 3 spell: Frozen Ramparts
   915 | D:1      | Reached skill level 5 in Ice Magic
  1397 | D:2      | Reached XP level 4. HP: 35/36 MP: 4/7
  1682 | D:2      | Found a stormy altar of Qazlal.
  1946 | D:3      | Learned a level 4 spell: Summon Ice Beast
  2023 | D:3      | Reached XP level 5. HP: 33/42 MP: 0/10
  2150 | D:3      | HP: 1/42 [orc/+0 trident (8)]
  2260 | D:3      | Noticed Jessica
  2443 | D:3      | Killed Jessica
  2443 | D:3      | Reached skill level 1 in Summonings
  2443 | D:3      | Reached XP level 6. HP: 48/49 MP: 8/12
  2934 | D:4      | Noticed Blork the orc
  2940 | D:4      | Killed Blork the orc
  3015 | D:4      | Reached skill level 6 in Ice Magic
  3017 | D:4      | Reached XP level 7. HP: 52/55 MP: 9/13
  3168 | D:4      | Noticed Dowan
  3177 | D:4      | Learned a level 3 spell: Ozocubu's Armour
  3196 | D:4      | Noticed Duvessa
  3200 | D:4      | Killed Dowan
  3227 | D:4      | Killed Duvessa
  3227 | D:4      | Reached skill level 7 in Ice Magic
  3285 | D:4      | Found a white marble altar of Elyvilon.
  3285 | D:4      | Found a shimmering altar of Xom.
  3502 | D:4      | Reached skill level 8 in Ice Magic
  3575 | D:4      | Noticed Menkaure
  3589 | D:4      | Killed Menkaure
  3589 | D:4      | Reached XP level 8. HP: 32/62 MP: 2/14
  3924 | D:5      | Entered Level 5 of the Dungeon
  4048 | D:5      | Reached skill level 1 in Fighting
  4862 | D:6      | Found a blossoming altar of Fedhas.
  4874 | D:6      | Found a white marble altar of Elyvilon.
  5143 | D:6      | Reached skill level 5 in Fighting
  5276 | D:6      | Found a shimmering blue altar of Sif Muna.
  5705 | D:7      | Reached skill level 9 in Ice Magic
  5733 | D:7      | Reached XP level 9. HP: 72/81 MP: 13/15
  5741 | D:7      | Found a radiant altar of Vehumet.
  5828 | D:7      | Found a staircase to the Ecumenical Temple.
  5840 | Temple   | Entered the Ecumenical Temple
  5857 | Temple   | Became a worshipper of Ashenzari the Shackled
  5975 | D:7      | Found a runed translucent door.
  5976 | D:7      | Noticed Crazy Yiuf
  5983 | D:7      | Killed Crazy Yiuf
  6030 | D:7      | Reached skill level 10 in Ice Magic
  6042 | D:7      | Found a runed translucent door.
  6043 | D:7      | Noticed karf's ghost (novice TrFi)
  6327 | D:7      | Noticed a troll
  6333 | D:7      | Killed a troll
  6333 | D:7      | Reached skill level 5 in Stealth
  6510 | D:8      | Found a stormy altar of Qazlal.
  6538 | D:8      | Noticed a two-headed ogre
  6550 | D:8      | Killed a two-headed ogre
  6550 | D:8      | Reached XP level 10. HP: 77/88 MP: 2/16
  6758 | D:8      | Found a staircase to the Lair.
  7133 | D:8      | Upgraded the game from 0.25-a0-634-gd1561dc703 to
                  | 0.25-a0-651-g8c222c7a2b
  7407 | Lair:1   | Entered Level 1 of the Lair of Beasts
  7701 | Lair:1   | Noticed an oklob plant
  7703 | Lair:1   | Noticed an oklob plant
  8045 | Lair:1   | Got the hunting sling of the Seven Hells {flame, *Slow
                  | +Blink rElec rC++}
  8046 | Lair:1   | Identified the +3 hunting sling of the Seven Hells {flame,
                  | *Slow +Blink rElec rC++} (You found it on level 1 of the
                  | Lair of Beasts)
  8073 | Lair:1   | Noticed a spiny frog
  8079 | Lair:1   | Noticed a four-headed hydra
  8086 | Lair:1   | Killed a spiny frog
  8088 | Lair:1   | Killed a four-headed hydra
  8245 | Lair:1   | Reached XP level 11. HP: 90/103 MP: 17/17
  9165 | Lair:2   | Noticed a six-headed hydra
  9176 | Lair:2   | Killed a six-headed hydra
  9176 | Lair:2   | Reached XP level 12. HP: 39/111 MP: 4/18
  9687 | Lair:2   | Reached * piety under Ashenzari
  9923 | Lair:2   | Learned a level 6 spell: Freezing Cloud
  9961 | Lair:2   | Reached skill level 5 in Spellcasting
 10956 | Lair:3   | Found a hole to the Spider Nest.
 11884 | Lair:4   | Reached skill level 1 in Conjurations
 11884 | Lair:4   | Reached skill level 1 in Air Magic
 11886 | Lair:4   | Reached ** piety under Ashenzari
 12048 | Lair:4   | Found a staircase to the Swamp.
 12623 | Lair:5   | Gained mutation: You can use your snake-like lower body to
                  | constrict enemies. [Naga growth]
 12623 | Lair:5   | Reached XP level 13. HP: 74/117 MP: 4/24
 12938 | Lair:5   | Reached skill level 11 in Ice Magic
 13229 | Lair:5   | Reached skill level 5 in Conjurations
 13237 | Lair:5   | Reached skill level 5 in Air Magic
 13534 | Lair:5   | Found a staircase to the Slime Pits.
 14026 | Lair:6   | Entered Level 6 of the Lair of Beasts
 14088 | Lair:6   | Reached skill level 12 in Ice Magic
 15586 | Lair:5   | Reached skill level 13 in Ice Magic
 16002 | Lair:6   | Reached XP level 14. HP: 21/126 MP: 1/25
 17341 | Lair:6   | Found a runed translucent door.
 18071 | Lair:6   | Paralysed by a hornet for 3 turns
 18810 | Lair:6   | Reached skill level 14 in Ice Magic
 19132 | D:9      | Noticed Grum
 19141 | D:9      | Killed Grum
 19189 | D:9      | Found a sparkling altar of Nemelex Xobeh.
 19253 | D:9      | Learned a level 3 spell: Mephitic Cloud
 19321 | D:9      | Reached *** piety under Ashenzari
 19692 | D:9      | Found a burning altar of Makhleb.
 19730 | D:10     | Entered Level 10 of the Dungeon
 20052 | D:10     | Noticed Sonja
 20103 | D:10     | Killed Sonja
 21290 | D:11     | Reached **** piety under Ashenzari
 21392 | D:12     | Found a roughly hewn altar of Beogh.
 21392 | D:12     | Found a staircase to the Orcish Mines.
 21568 | D:12     | Noticed Josephine
 21679 | D:12     | Killed Josephine
 21679 | D:12     | Reached skill level 15 in Ice Magic
 22510 | D:12     | Identified the cursed +1 robe of Zipragry {Str+4}
 22926 | D:12     | Noticed Rupert
 23391 | D:12     | Killed Rupert
 23523 | Orc:1    | Entered Level 1 of the Orcish Mines
 23743 | Orc:1    | Noticed Harold
 23763 | Orc:1    | Killed Harold
 23921 | Orc:1    | Reached XP level 15. HP: 104/132 MP: 19/26
 24004 | Orc:2    | Entered Level 2 of the Orcish Mines
 24005 | Orc:2    | Found a staircase to the Elven Halls.
 24012 | Orc:2    | Reached skill level 16 in Ice Magic
 24316 | Orc:2    | Found a gate leading to a gauntlet.
 24331 | Orc:2    | HP: 5/132 [orc warrior/+0 glaive[an orc warlord] (5)]
 24332 | Gauntlet | Entered a Gauntlet
 24332 | Gauntlet | Found a transporter.
 24730 | Gauntlet | Found a transporter.
 24731 | Gauntlet | Found a transporter.
 24732 | Gauntlet | Found a transporter.
 24735 | Gauntlet | Found a transporter.
 24736 | Gauntlet | Identified the ring of the Kraken {*Corrode Int+2 SInv
                  | Stlth+}
 24744 | Gauntlet | Found a transporter.
 24759 | Gauntlet | Found a transporter.
 24770 | Gauntlet | Found a transporter.
 24791 | Gauntlet | Found a large runed translucent door.
 24791 | Gauntlet | Found a large runed translucent door.
 24792 | Gauntlet | Found a large runed translucent door.
 24792 | Gauntlet | Found a large runed translucent door.
 24793 | Gauntlet | Found a large runed translucent door.
 24793 | Gauntlet | Found a large runed translucent door.
 24794 | Gauntlet | Found a runed translucent gate.
 24794 | Gauntlet | Found a runed translucent door.
 24795 | Gauntlet | Found a transporter.
 24795 | Gauntlet | Found a runed translucent gate.
 24796 | Gauntlet | Found a runed translucent gate.
 24796 | Gauntlet | Found a runed translucent door.
 24797 | Gauntlet | Found a large runed translucent door.
 24797 | Gauntlet | Found a large runed translucent door.
 24798 | Gauntlet | Found a large runed translucent door.
 24799 | Gauntlet | Found a large runed translucent door.
 24814 | Gauntlet | Found a large runed translucent door.
 24815 | Gauntlet | Found a large runed translucent door.
 24817 | Gauntlet | Found a transporter.
 24821 | Gauntlet | Found a transporter.
 24825 | Gauntlet | Found a large runed translucent door.
 24825 | Gauntlet | Found a large runed translucent door.
 24829 | Gauntlet | Found a transporter.
 25110 | Gauntlet | Got the cursed hat of Fun and Games {-Tele +Inv rCorr
                  | Str+9}
 25126 | Gauntlet | Identified the cursed +0 hat of Fun and Games {-Tele +Inv
                  | rCorr Str+9} (You found it in a Gauntlet)
 25177 | Gauntlet | Reached skill level 1 in Evocations
 25463 | Orc:2    | Noticed an orc warlord
 25486 | Orc:2    | Killed an orc warlord
 25510 | Orc:1    | Reached ***** piety under Ashenzari
 25671 | Orc:2    | Noticed an orc warlord
 25677 | Orc:2    | an orc warlord changed into a dire elephant
 26130 | Orc:2    | Reached skill level 5 in Evocations
 26287 | Orc:2    | Slain by an orc knight

Levels and vault maps discovered:
D:1:      dpeg_arrival_radiant, layout_rooms, minmay_lizard_pond
D:2:      minmay_chambers_of_twos, layout_basic, lemuel_coloured_pillars_altar,
          first_ration
D:3:      layout_rooms, minmay_misc_feat_hallway, minmay_gold_behind_fungi,
          uniq_jessica
D:4:      layout_loops_ring, gammafunk_temple_overflow_elements, uniq_duvessa,
          uniq_blork_the_orc, uniq_menkaure
D:5:      layout_loops_cross, serial_park_tiny_2, st_stairs_8
D:6:      layout_loops_cross, overflow_temple_1_default, basic_altar,
          lemuel_altar_in_water2
D:7:      minmay_opposing_rooms, layout_cave_pools,
          minmay_temple_entry_statues_fountains, basic_altar,
          gammafunk_ghost_grave, the_bakery, uniq_crazy_yiuf_cottage
D:8:      layout_cave_pools, david_lair_shrubbed, serial_park,
          serial_park_square1 [serial_park_minivault_5x5_4], serial_park_square3
          [serial_park_minivault_5x5_3], serial_park_gazebo
          [serial_park_minivault_5x5_7], serial_park_tiny_1,
          hangedman_decor_diamond_cutter, minmay_diced_spiral
D:9:      layout_rooms, lemuel_crystal_altar, demons_altar, minmay_circle_x,
          uniq_grum
D:10:     layout_loops_ring, uniq_sonja
D:11:     layout_basic
D:12:     layout_irregular_city, david_orc_5, kennysheep_decorative_pillar,
          roderic_lattice_a, uniq_josephine, uniq_rupert
Temple:   nicolae_temple_elliptical
Lair:1:   layout_chaotic_city, serial_bayou_pond_a, grunt_megastairs_3,
          minmay_lair_oklob_chamber, lemuel_fruit_tree
Lair:2:   layout_chaotic_city, st_stairs_9, beast_lair_carwin_11,
          grunt_megastairs_5
Lair:3:   layout_regular_city, nicolae_spider_entry_tight_spaces, st_stairs_13
Lair:4:   layout_regular_city, skrybe_swamp_entry_bodies, serial_bayou_lagoon_a,
          infiniplex_staircase_pool_2
Lair:5:   layout_cave_pods, minmay_slime_entry_jelly_boxes
Lair:6:   wormcave, layout_gridlike, guppyfry_lair_end_dragon,
          minmay_lair_oklob_items, grunt_megastairs_1
Orc:1:    layout_caves, uniq_harold
Orc:2:    grunt_orc_tribal_feast, layout_diamond_mine, gauntlet_entry_generic,
          gammafunk_ghost_berserking_beasts

Skill      XL: |  1  2  3  4  5  6  7  8  9 10 11 12 13 14 15 |
---------------+----------------------------------------------+-----
Ice Magic      | 5 6 8 9 10 13 15 16 | 16.1
Spellcasting   | 3 4 7 |  7.9
Summonings     | 1 2 3 |  3.3
Fighting       | 5 8 |  8.3
Stealth        | 9 |  9.1
Dodging        | 4 |  4.1
Slings         | 6 8 9 |  9.3
Shields        | 4 |  4.2
Conjurations   | 3 6 8 |  8.0
Air Magic      | 3 5 |  5.5
Evocations     | 5 |  5.2
Staves         | |  0.2

Action                   |  1- 3 |  4- 6 |  7- 9 | 10-12 | 13-15 || total
-------------------------+-------+-------+-------+-------+-------++-------
Melee: Unarmed           |    48 |     1 |     5 |       |       ||    54
       Quarterstaff      |       |    13 |       |       |       ||    13
       Dagger            |       |    20 |   240 |    65 |       ||   325
       Morningstar       |       |       |       |     8 |       ||     8
       Hunting sling     |       |       |       |     1 |    70 ||    71
       Constrict         |       |       |       |       |    22 ||    22
 Fire: Hunting sling     |       |       |       |    79 |   521 ||   600
Throw: Javelin           |       |       |       |     1 |     8 ||     9
 Cast: Freeze            |    42 |    39 |    23 |   109 |   283 ||   496
       Frozen Ramparts   |     2 |     7 |    22 |    31 |    66 ||   128
       Summon Ice Beast  |       |       |     6 |    32 |   104 ||   142
       Freezing Cloud    |       |       |       |       |    13 ||    13
       Mephitic Cloud    |       |       |       |       |     1 ||     1
Invok: Curse Item        |       |       |       |     2 |     3 ||     5
 Abil: Spit Poison       |       |     4 |     8 |       |     1 ||    13
Evoke: Wand              |       |       |       |     4 |    26 ||    30
  Use: Scroll            |     4 |       |     5 |     7 |    14 ||    30
       Potion            |       |       |       |     1 |     9 ||    10
 Stab: Sleeping          |     1 |       |     6 |       |       ||     7
  Eat: Chunk             |     2 |     5 |    13 |    18 |    33 ||    71
       Ration            |       |       |       |     1 |     5 ||     6
Armor: Robe              |    17 |    27 |   126 |   107 |   230 ||   507
       Skin              |       |     1 |     2 |       |       ||     3
Dodge: Dodged            |    48 |    33 |   168 |   141 |   334 ||   724
Block: Buckler           |       |       |       |    26 |   175 ||   201

Table legend:
 A = Non-vault XP
 B = Vault XP
 C = Vault XP percentage of total XP
 D = Non-vault monster count
 E = Vault monster count
 F = Vault count percentage of total count
                 A         B        C        D         E       F
            +---------+---------+-------+---------+---------+-------
      Total |   56293 |   34703 |  38.1 |     439 |     198 |  31.1
            +---------+---------+-------+---------+---------+-------
        D:1 |      35 |       5 |  12.5 |      18 |       5 |  21.7
        D:2 |      64 |      12 |  15.8 |      19 |       8 |  29.6
        D:3 |     296 |      37 |  11.1 |      26 |       1 |   3.7
        D:4 |     379 |     391 |  50.8 |      17 |       4 |  19.0
        D:5 |     293 |      22 |   7.0 |       8 |       1 |  11.1
        D:6 |     416 |       0 |   0.0 |      11 |       0 |   0.0
        D:7 |    1013 |     906 |  47.2 |      27 |      10 |  27.0
        D:8 |    1049 |     958 |  47.7 |       6 |      13 |  68.4
        D:9 |    1220 |    1089 |  47.2 |      22 |      12 |  35.3
       D:10 |    1809 |     807 |  30.8 |      25 |       1 |   3.8
       D:11 |    2630 |       0 |   0.0 |      27 |       0 |   0.0
       D:12 |    4933 |    5738 |  53.8 |      25 |      30 |  54.5
     Lair:1 |    3612 |     249 |   6.4 |      20 |       1 |   4.8
     Lair:2 |    2925 |    3799 |  56.5 |      17 |      14 |  45.2
     Lair:3 |    2348 |    2368 |  50.2 |      13 |      10 |  43.5
     Lair:4 |    2187 |     206 |   8.6 |      11 |       1 |   8.3
     Lair:5 |   12189 |    2387 |  16.4 |      39 |      22 |  36.1
     Lair:6 |    9236 |   10018 |  52.0 |      31 |      37 |  54.4
      Orc:1 |    2131 |    1013 |  32.2 |      28 |       2 |   6.7
      Orc:2 |    7528 |    1914 |  20.3 |      49 |      16 |  24.6
   Gauntlet |       0 |    2784 | 100.0 |       0 |      10 | 100.0
            +---------+---------+-------+---------+---------+-------
